cohdb
Replays
Latest Replays
All Replays
Popular Replays
Top Player Replays
Match Explorer
How It Works
Community
CoH3 Stats
Reddit
Sign in to upload your games and track your stats! →
Sign in with Steam
Match 40640568
Unlisted
Match 40640568
Overview
Messages
Build Orders
End
Construct Infanterie Kompanie
Selects Italian Coastal Battlegroup
Selects Coastal Reserves
Coastal Reserve
Coastal Reserve
GrW 34 Mortar Team
Selects Artillery Officer
Artillery Officer
Construct Panzergrenadier Kompanie
Support Elements
Medical Bunker
Pak 40 Anti-tank Gun Team
Infanterie Officer Quarters
Nebelwerfer 42 Rocket Launcher Team
Selects Support Bunkers
Selects Designated Artillery Overwatch
Medical Bunker
Nebelwerfer 42 Rocket Launcher Team
Pak 40 Anti-tank Gun Team
Coastal Reserve
Selects Obice da 210/22 Artillery Emplacement
Coastal Reserve
Valdai
Sailor
(๑>◡<๑)
Gukbae
cu元素收集大师
Henry Shi
Ovoo
传奇耐耗王
0
0
Comments
sign in to comment!
No comments posted yet!